 Dungeon Crawl Stone Soup version 0.25-a0-178-gc9f82b1288 (webtiles) character file.

Game seed: 6672994780607414480, levelgen mode: deterministic

286 vurker the Gusty (level 6, -3/35 HPs)
             Began as a Tengu Air Elementalist on Nov 26, 2019.
             Slain by a big kobold
             ... wielding a +0 dagger
              (4 damage)
             ... on level 2 of the Dungeon.
             The game lasted 00:06:27 (4112 turns).

vurker the Gusty (Tengu Air Elementalist)           Turns: 4112, Time: 00:06:27

Health: -3/35      AC:  5    Str:  9    XL:     6   Next: 30%
Magic:  5/12       EV: 14    Int: 17    God:
Gold:   290        SH:  0    Dex: 14    Spells: 1/11 levels left

rFire    . . .     SeeInvis .   h - +0 dagger
rCold    + . .     Gourm    .   (no shield)
rNeg     . . .     Faith    .   o - +2 leather armour {rC+}
rPois    .         Spirit   .   (helmet restricted)
rElec    .         Reflect  .   (no cloak)
rCorr    .         Harm     .   (no gloves)
MR       .....                  (boots unavailable)
Stlth    +++.......             l - amulet of regeneration
HPRegen  0.51/turn              k - ring of stealth
MPRegen  0.13/turn              (no ring)

@: flying quickly and evasively, quick
A: beak, talons 3, able to fly
a: Stop Flying


You were on level 2 of the Dungeon.
You were not hungry.

You visited 1 branch of the dungeon, and saw 3 of its levels.

You collected 290 gold pieces.

Inventory:

Hand Weapons
 h - a +0 dagger (weapon)
   (You took it off a goblin on level 1 of the Dungeon)
Armour
 m - a +0 buckler
   (You found it on level 2 of the Dungeon)
 o - a +2 leather armour of cold resistance (worn)
   (You took it off Ijyb on level 3 of the Dungeon)
Jewellery
 k - a ring of stealth (left hand)
   (You found it on level 2 of the Dungeon)
 l - an amulet of regeneration (around neck)
   (You found it on level 2 of the Dungeon)
Wands
 b - a wand of enslavement (7)
   (You took it off Ijyb on level 3 of the Dungeon)
Scrolls
 c - 2 scrolls of remove curse
 f - a scroll of magic mapping {unknown}
 g - 2 scrolls of amnesia
 p - a scroll of enchant armour {unknown}
 q - 2 scrolls of identify {unknown}
 r - a scroll of blinking {unknown}
 s - 2 scrolls of teleportation {unknown}
Potions
 a - a potion of haste {unknown}
 d - 2 potions of heal wounds {unknown}
 i - a potion of curing
 j - a potion of brilliance
 n - a potion of might {unknown}
Comestibles
 e - 3 rations
 t - 6 chunks of flesh


   Skills:
 + Level 2.0 Fighting
 - Level 2.1 Dodging
 - Level 2.0 Stealth
 + Level 1.0 Shields
 * Level 3.4 Spellcasting
 * Level 4.3 Conjurations
 * Level 5.7 Air Magic


You had one spell level left.
You knew the following spells:

 Your Spells              Type           Power        Failure   Level  Hunger
a - Shock                 Conj/Air       ###.         3%          1    None
b - Lightning Bolt        Conj/Air       ###.......   63%         5    ######.
c - Airstrike             Air            ###.......   22%         4    ####...

Your spell library contained the following spells:

 Spells                   Type           Power        Failure   Level  Hunger
 Static Discharge         Conj/Air       ###.....     9%          3    ###....
 Swiftness                Chrm/Air       ##......     11%         2    ##.....


Dungeon Overview and Level Annotations

Branches:
Dungeon (3/15)

Altars:
Trog


Innate Abilities, Weirdness & Mutations

You have a beak for a mouth.
You have claws for feet.
You can fly continuously.


Message History

* * * LOW HITPOINT WARNING * * *
The big kobold misses you.
You fly upwards.
There is a stone staircase leading down here.
Aim: a big kobold, wielding a +0 club The zap hits the big kobold!
The kobold misses you. The big kobold hits you with a +0 club.
* * * LOW HITPOINT WARNING * * *
The big kobold hits you but does no damage.
The kobold misses you. The big kobold misses you.
Aim: a big kobold, wielding a +0 club (moderately wounded)
The zap hits the big kobold!
The kobold hits you but does no damage. The big kobold misses you.
The big kobold hits you with a +0 short sword.
* * * LOW HITPOINT WARNING * * *
The big kobold completely misses you. The kobold barely misses you.
Aim: a big kobold, wielding a +0 club (heavily wounded)
The zap hits the big kobold.
The kobold hits you but does no damage. The big kobold hits you with a +0 club.
* * * LOW HITPOINT WARNING * * *
The big kobold misses you.
The big kobold hits you but does no damage.
Aim: a big kobold, wielding a +0 club (heavily wounded)
The zap hits the big kobold.
The kobold closely misses you. The kobold misses you.
The big kobold hits you with a +0 short sword.
* * * LOW HITPOINT WARNING * * *
The big kobold hits you with a +0 club.
* * * LOW HITPOINT WARNING * * *
The big kobold hits you with a +0 dagger.
* * * LOW HITPOINT WARNING * * *
Aim: a big kobold, wielding a +0 club (severely wounded)
The zap hits the big kobold.
The kobold barely misses you. The big kobold misses you. The kobold misses you.
The big kobold hits you but does no damage.
The big kobold hits you with a +0 dagger.
* * * LOW HITPOINT WARNING * * *
Aim: a big kobold, wielding a +0 club (severely wounded)
The zap misses the big kobold.
The kobold hits you with a +0 club.
* * * LOW HITPOINT WARNING * * *
The big kobold closely misses you.
The kobold hits you with a cursed -2 club.
* * * LOW HITPOINT WARNING * * *
The big kobold closely misses you. The big kobold barely misses you.
Aim: a big kobold, wielding a +0 club (severely wounded)
The zap hits the big kobold!
The kobold barely misses you.
The big kobold hits you but does no damage.
The kobold misses you.
The big kobold hits you with a +0 dagger.
You die...

#....#.#.#.##..##.#.......#.###
#....#.#.#.##..##.......#.#.#
#....#.#.#.....##...#.###.#.###
#....#.#.#...........)....#.#..
#....#.#.#..........#.....#.#..
#....#.#.####.....#.#.###.#.#..
##...........(.[..#<#.# #.#.###
########.#.##..KKK..[)#.###.#.#
...........=...K@K............#
######.......[.###..#...###.#.#
#........)..##.###..#...# #.#.#
..###....#.###.........##
#.#.### ###
#....#.....###.###.# #.#....
#....#.##(.# #.# #.# #.#....
#....#.##).# #.# #.# #.#....
#.........####.# #.####.#####
#..............###.#..#.#


You could see 3 big kobolds and 2 kobolds.

Vanquished Creatures
  A big kobold (D:3)
  Ijyb (D:3)
  Terence (D:2)
  Robin (D:2)
  3 adders (D:2)
  2 gnolls (D:3)
  An ooze (D:1)
  3 worms
  4 dart slugs
  3 leopard geckos
  An orc (D:3)
  4 giant cockroaches (D:1)
  20 goblins
  6 hobgoblins
  2 jackals (D:2)
  19 kobolds
  A quokka (D:3)
  5 bats
  3 frilled lizards
  10 rats
91 creatures vanquished.

Notes
Turn   | Place    | Note
-------+----------+-------------------------------------------
     0 | D:1      | vurker the Tengu Air Elementalist began the quest for the
                  | Orb.
     0 | D:1      | Reached XP level 1. HP: 10/10 MP: 4/4
   163 | D:1      | Reached XP level 2. HP: 16/16 MP: 3/6
   745 | D:1      | Reached XP level 3. HP: 15/20 MP: 1/7
  1021 | D:1      | Reached skill level 1 in Fighting
  1468 | D:2      | Reached XP level 4. HP: 24/25 MP: 0/8
  1622 | D:2      | Noticed Terence
  1634 | D:2      | Killed Terence
  1634 | D:2      | Reached skill level 5 in Air Magic
  2350 | D:2      | Gained mutation: You can fly continuously. [Tengu growth]
  2350 | D:2      | Reached XP level 5. HP: 29/29 MP: 6/10
  2567 | D:3      | Noticed Ijyb
  2581 | D:3      | Killed Ijyb
  2661 | D:3      | Found a bloodstained altar of Trog.
  3037 | D:3      | Learned a level 5 spell: Lightning Bolt
  3042 | D:3      | Learned a level 4 spell: Airstrike
  3443 | D:3      | Noticed a big kobold
  3603 | D:3      | Noticed a big kobold
  3603 | D:3      | Noticed a big kobold
  3603 | D:3      | Noticed a big kobold
  3722 | D:3      | Noticed a big kobold
  3750 | D:3      | Killed a big kobold
  3750 | D:3      | Reached skill level 1 in Shields
  3750 | D:3      | Reached XP level 6. HP: 35/35 MP: 0/12
  3786 | D:2      | Noticed Robin
  4004 | D:2      | Killed Robin
  4111 | D:2      | HP: 1/35 [kobold/cursed -2 club (2)]
  4112 | D:2      | Slain by a big kobold

Levels and vault maps discovered:
D:1:      dpeg_arrival_prison, layout_basic
D:2:      layout_basic, first_ration, bh_walls_and_bars, uniq_robin,
          uniq_terence
D:3:      minmay_goblin_kobold_castle, layout_basic, lemuel_round_altar,
          uniq_ijyb, uniq_crazy_yiuf_cottage

Skill      XL: |  1  2  3  4  5  6 |
---------------+-------------------+-----
Conjurations   | 2 3 4 |  4.3
Fighting       | 1 2 |  2.0
Air Magic      | 5 |  5.7
Spellcasting   | 3 |  3.4
Shields        | 1 |  1.0
Dodging        | |  2.1
Stealth        | |  2.0

Action                   |  1- 3 |  4- 6 || total
-------------------------+-------+-------++-------
Melee: Dagger            |     9 |    18 ||    27
       Peck              |     1 |     5 ||     6
       Unarmed           |     1 |       ||     1
       Kick              |     2 |     7 ||     9
 Cast: Shock             |    65 |   143 ||   208
 Abil: Fly               |       |     1 ||     1
  Use: Scroll            |     1 |     1 ||     2
       Potion            |       |     2 ||     2
  Eat: Chunk             |     3 |     5 ||     8
       Ration            |       |     1 ||     1
Armor: Robe              |     1 |     2 ||     3
       Leather armour    |       |    17 ||    17
Dodge: Dodged            |     6 |    50 ||    56

Table legend:
 A = Non-vault XP
 B = Vault XP
 C = Vault XP percentage of total XP
 D = Non-vault monster count
 E = Vault monster count
 F = Vault count percentage of total count
                 A         B        C        D         E       F
            +---------+---------+-------+---------+---------+-------
      Total |     155 |     254 |  62.1 |      57 |      34 |  37.4
            +---------+---------+-------+---------+---------+-------
        D:1 |      38 |       6 |  13.6 |      23 |       4 |  14.8
        D:2 |      90 |      73 |  44.8 |      23 |      14 |  37.8
        D:3 |      27 |     175 |  86.6 |      11 |      16 |  59.3
            +---------+---------+-------+---------+---------+-------
